 Dungeon Crawl Stone Soup version 0.28-a0-655-g4eb62b627b (webtiles) character file.

Game seed: 14063758095978992175

25 funkygono the Firebug (level 3, 0/19 HPs)
             Began as a Gargoyle Fire Elementalist on Oct 12, 2021.
             Slain by a jackal (2 damage)
             ... on level 2 of the Dungeon.
             The game lasted 00:02:49 (1498 turns).

funkygono the Firebug (Gargoyle Fire Elementalist)  Turns: 1498, Time: 00:02:50

Health: 0/19       AC:  5    Str: 11    XL:     3   Next: 6%
Magic:  5/6        EV: 12    Int: 16    God:
Gold:   9          SH:  0    Dex: 10    Spells: 0/6 levels left

rFire   . . .      SeeInvis .   d - +0 club
rCold   . . .      Faith    .   (no shield)
rNeg    + . .      Spirit   .   a - +0 robe
rPois   ∞          Reflect  .   (no helmet)
rElec   +          Harm     .   (no cloak)
rCorr   .          Rampage  .   (no gloves)
Will    .....                   (no boots)
Stlth   ++........              (no amulet)
HPRegen 0.06/turn               (no ring)
MPRegen 0.10/turn               (no ring)

@: no status effects
A: sickness immunity, AC +3, negative energy resistance 1, electricity
resistance, torment resistance 1, petrification resistance
a: no special abilities


You were on level 2 of the Dungeon.
You visited 1 branch of the dungeon, and saw 2 of its levels.

You collected 9 gold pieces.

Inventory:

Hand Weapons
 d - a +0 club (weapon)
Armour
 a - a +0 robe (worn)
Scrolls
 b - a scroll of amnesia


   Skills:
 * Level 1.9 Dodging
 - Level 2.1 Stealth
 * Level 2.3 Spellcasting
 * Level 1.8 Conjurations
 + Level 3.3 Fire Magic


You couldn't memorise any spells.
You knew the following spells:

 Your Spells              Type           Power      Damage    Failure   Level
a - Foxfire               Conj/Fire      40%        2x1d6     7%          1
b - Scorch                Fire           24%        2d6       8%          2
c - Conjure Flame         Conj/Fire      10%        6-21      21%         3

Your spell library contained the following spells:

 Spells                   Type           Power      Damage    Failure   Level
 Inner Flame              Hex/Fire       7%         N/A       30%         3
 Flame Wave               Conj/Fire      10%        3d4       56%         4


Dungeon Overview and Level Annotations

Branches:
Dungeon (2/15)

Altars:


Innate Abilities, Weirdness & Mutations

You are immune to sickness and miasma.
Your stone body is resilient. (AC +3)
You are immune to poison.
You resist negative energy. (rN+)
You are resistant to electric shocks. (rElec)
You are resistant to unholy torment.
You are immune to petrification.


Message History

The bat barely misses you. The bat closely misses you. The jackal misses you.
The bat completely misses you. The bat hits you but does no damage.
The jackal barely misses you. The bat barely misses you. The bat hits you.
* * * LOW HITPOINT WARNING * * *
The adder barely misses you. The bat hits you but does no damage.
Okay, then.
The bat misses you. The bat hits you.
* * * LOW HITPOINT WARNING * * *
The adder bites you but does no damage. The bat closely misses you.
The bat hits you but does no damage. The bat closely misses you.
The bat hits you.
* * * LOW HITPOINT WARNING * * *
The jackal misses you. The bat closely misses you.
The adder bites you but does no damage.
The jackal bites you but does no damage.
The bat closely misses you. The bat closely misses you.
The bat hits you but does no damage. The bat hits you but does no damage.
The bat misses you. The adder closely misses you. The bat closely misses you.
The bat barely misses you.
Found 7 gold pieces.
The bat misses you. The adder misses you. The bat hits you.
* * * LOW HITPOINT WARNING * * *
The bat barely misses you.
The giant cockroach waves its antennae.
A giant cockroach comes into view.
The adder bites you but does no damage. The jackal bites you.
* * * LOW HITPOINT WARNING * * *
The adder bites you but does no damage. The adder barely misses you.
The jackal bites you.
You die...

#.# #.# #. ... #. #.#
#.##.# ###########.##.#
#
....Z........#B###.####.
#
r....h.....Zh.Bh@.......
.. #
######.#####$#S###......
.. # #.rb.b....# .####
#. # ########.## .. .( #
#..# ## #. # ##.# #. #
.. #.### ..# #.... # ..#
#####


You could see an adder, 2 jackals, 2 giant cockroaches and a water moccasin
skeleton.

Vanquished Creatures
  A dart slug (D:1)
  A ball python (D:1)
  4 endoplasms (D:1)
  A giant cockroach (D:1)
  4 goblins (D:1)
  2 hobgoblins (D:1)
  A quokka (D:1)
  2 kobolds (D:1)
  4 rats (D:1)
20 creatures vanquished.

Vanquished Creatures (others)
  41 foxfires
  3 fungi (D:1)
44 creatures vanquished.

Grand Total: 64 creatures vanquished

Notes
Turn   | Place    | Note
-------+----------+-------------------------------------------
     0 | D:1      | funkygono the Gargoyle Fire Elementalist began the quest
                  | for the Orb.
     0 | D:1      | Reached XP level 1. HP: 10/10 MP: 3/3
   359 | D:1      | Reached XP level 2. HP: 15/15 MP: 3/5
   363 | D:1      | Learned a level 2 spell: Scorch
   868 | D:1      | Found a faded altar of an unknown god.
  1102 | D:1      | Reached XP level 3. HP: 19/19 MP: 2/6
  1106 | D:1      | Learned a level 3 spell: Conjure Flame
  1498 | D:2      | Slain by a jackal

Illustrated notes

Levels and vault maps discovered:
D:1:      dpeg_cavernosity, layout_loops_ring, shapermc_ecumenical_altar_petra
D:2:      layout_basic

Action                   || total
-------------------------++-------
Melee: Unarmed           ||     2
       Club              ||     6
 Cast: Foxfire           ||    23
       Scorch            ||     8
  Use: Scroll            ||     4
Armor: Robe              ||    18
Dodge: Dodged            ||    42

Table legend: (Time is in decaauts)
 A = Elapsed time spent in this place.
 B = Non-inter-level travel time spent in this place.
 C = Inter-level travel time spent in this place.
 D = Time resting spent in this place.
 E = Time spent auto-exploring this place.
 F = Levels seen in this place.
 G = Mean time per level.
                   A        B        C        D        E       F      G
               +--------+--------+--------+--------+--------+-----+--------+
         Total |   1499 |   1449 |     50 |      0 |   1243 |   2 |  749.5 |
       Dungeon |   1499 |   1449 |     50 |      0 |   1243 |   2 |  749.5 |
               +--------+--------+--------+--------+--------+-----+--------+

Top non-repeatable levels by time:
     D:1: 1433 daAuts
     D:2: 66 daAuts
